 Dungeon Crawl Stone Soup version 0.21-a0-641-geef9d7f (webtiles) character file.

14 TheDeThijs the Grave Robber (level 2, 0/15 HPs)
             Began as a Deep Elf Necromancer on Dec 30, 2017.
             Slain by a giant cockroach (2 damage)
             ... on level 1 of the Dungeon.
             The game lasted 00:03:11 (208 turns).

TheDeThijs the Grave Robber (Deep Elf Necromancer)   Turns: 208, Time: 00:03:12

Health: 0/15       AC:  2    Str:  5    XL:     2   Next: 31%
Magic:  8/8        EV: 13    Int: 19    God:
Gold:   0          SH:  0    Dex: 15    Spells: 5/7 levels left

rFire    . . .     SeeInvis .   (no weapon)
rCold    . . .     Gourm    .   (no shield)
rNeg     . . .     Faith    .   a - +0 robe
rPois    .         Spirit   .   (no helmet)
rElec    .         Reflect  .   (no cloak)
rCorr    .         Harm     .   (no gloves)
MR       .....                  (no boots)
Stlth    ++........             (no amulet)
HPRegen  0.05/turn              (no ring)
MPRegen  0.11/turn              (no ring)

@: no status effects
A: no striking features
a: no special abilities


You were on level 1 of the Dungeon.
You were not hungry.

You visited 1 branch of the dungeon, and saw 1 of its levels.

Inventory:

Armour
 a - a +0 robe (worn)
Jewellery
 e - a +2 ring of evasion {unknown}
Scrolls
 d - a scroll of identify {unknown}
Books
 b - a book of Necromancy

   Spells                             Type                      Level
   a - Pain                           Necromancy                   1
   b - Animate Skeleton               Necromancy                   1
   c - Vampiric Draining              Necromancy                   3
   d - Regeneration                   Charms/Necromancy            3
   e - Animate Dead                   Necromancy                   4
   f - Borgnjor's Vile Clutch         Necromancy/Earth             5
Comestibles
 c - a ration
 f - 2 chunks of flesh


   Skills:
 + Level 2.5 Dodging
 + Level 2.4 Stealth
 + Level 3.1 Spellcasting
 + Level 5.5 Necromancy


You had 5 spell levels left.
You knew the following spells:

 Your Spells              Type           Power        Failure   Level  Hunger
a - Pain                  Necr           ###.         1%          1    None
b - Animate Skeleton      Necr           N/A          1%          1    None


Dungeon Overview and Level Annotations

Branches:
Dungeon (1/15)

Altars:


Message History

The giant cockroach is severely wounded.
The giant cockroach misses you.
You closely miss the giant cockroach.
The giant cockroach is severely wounded.
The giant cockroach bites you but does no damage.
You hit the giant cockroach but do no damage.
The giant cockroach is severely wounded.
The giant cockroach closely misses you. The giant cockroach barely misses you.
Casting: Pain
Confirm with . or Enter, or press ? or * to list all spells.
Aiming: Pain
Press: ? - help, Shift-Dir - straight line, f - giant cockroach
Aim: a giant cockroach (heavily wounded, clinging, chance to defeat MR: 92%)
The giant cockroach barely resists.
The giant cockroach barely misses you. The giant cockroach closely misses you.
The giant cockroach closely misses you. The giant cockroach closely misses you.
Found 10 gold pieces.
The giant cockroach bites you.
You die...

#.# .###... #.# ...... #.#
#...# #.### #....
##########...# ####....
..$.........#.# #.......
....#....r#...# #.......
#..##..s##...###.......
..###@###....##r##....
#.##.##.###.##J##...# ..
#.#.#.###..##s##...# ... #
....###.#.###...##.##....
..#
#.#......#<#......##r##.#.#
..# #.#
##.#.###...##....... #.##
... ##.#.#(###..#####.#.#
#..# #.###.##.##.###.#
#†r.. #..#
#....###.###....# ###J#


You could see a giant cockroach and a rat.

Vanquished Creatures
  2 leopard geckos (D:1)
  3 giant cockroaches (D:1)
  A hobgoblin (D:1)
  A bat (D:1)
7 creatures vanquished.

Vanquished Creatures (collateral kills)
  An ooze (D:1)
  A bat (D:1)
2 creatures vanquished.

Vanquished Creatures (others)
  A goblin (D:1)
1 creature vanquished.

Grand Total: 10 creatures vanquished

Notes
Turn   | Place    | Note
-------+----------+-------------------------------------------
     0 | D:1      | TheDeThijs the Deep Elf Necromancer began the quest for the Orb.
     0 | D:1      | Reached XP level 1. HP: 10/10 MP: 6/6
     2 | D:1      | Learned a level 1 spell: Animate Skeleton
    26 | D:1      | Reached skill level 5 in Necromancy
    50 | D:1      | Reached XP level 2. HP: 8/15 MP: 2/8
   208 | D:1      | Slain by a giant cockroach

Vault maps used:
D:1:      roderic_crossed_star, lemuel_flame_loot_1

Skill      XL: |  1 |
---------------+----+-----
Necromancy     | 5 |  5.5
Dodging        | |  2.5
Stealth        | |  2.4
Spellcasting   | |  3.1

Action                   || total
-------------------------++-------
Melee: Unarmed           ||     7
 Cast: Pain              ||    14
       Animate Skeleton  ||     3
Armor: Robe              ||    13
Dodge: Dodged            ||    32

Table legend:
 A = Spawn XP
 B = Non-spawn XP
 C = Spawn XP percentage of total XP
 D = Spawn monster count
 E = Non-spawn monster count
 F = Spawn count percentage of total count
 G = Total turns spent on level
                    A         B        C        D         E        F      G
               +---------+---------+-------+---------+---------+-------+---------
         Total |       0 |      21 |   0.0 |       0 |       9 |   0.0 |   208
               +---------+---------+-------+---------+---------+-------+---------
           D:1 |       0 |      21 |   0.0 |       0 |       9 |   0.0 |   208
               +---------+---------+-------+---------+---------+-------+---------
